 Dungeon Crawl Stone Soup version 0.26.0-10-g1f06aea511 (webtiles) character file.

Game seed: 14741103834403168472

353 Frank the Skirmisher (level 6, -5/44 HPs)
             Began as an Octopode Fighter on Jan 17, 2021.
             Slain by a gnoll
             ... wielding a +0 spear
              (10 damage)
             ... on level 4 of the Dungeon.
             The game lasted 00:03:52 (3218 turns).

Frank the Skirmisher (Octopode Fighter)             Turns: 3218, Time: 00:03:53

Health: -5/44      AC:  1    Str: 15    XL:     6   Next: 62%
Magic:  15/15      EV: 11    Int: 10    God:
Gold:   120        SH: 13    Dex: 14    Spells: 5/5 levels left

rFire    + . .     SeeInvis .   a - +1 flail
rCold    . . .     Faith    .   f - +0 tower shield
rNeg     . . .     Spirit   .   (helmet restricted)
rPois    .         Reflect  .   (no amulet)
rElec    .         Harm     .   j - ring of magical power
rCorr    .         Rampage  .   o - ring of protection from fire
Will     .....                  (no ring)
Stlth    ++........             (no ring)
HPRegen  0.14/turn              (no ring)
MPRegen  0.14/turn              (no ring)
                                (no ring)
                                (no ring)

@: no status effects
A: almost no armour, stealthy swim, amphibious, 8 rings, constrict 8, camouflage
1, gelatinous body 1
a: no special abilities


You were on level 4 of the Dungeon.
You visited 1 branch of the dungeon, and saw 4 of its levels.

You collected 120 gold pieces.

Inventory:

Hand Weapons
 a - a +1 flail (weapon)
Armour
 b - a +1 kite shield
 f - a +0 tower shield (worn)
Jewellery
 j - a ring of magical power (left tentacle)
 o - a ring of protection from fire (right tentacle)
Wands
 i - a wand of paralysis (5)
Scrolls
 g - 3 scrolls of remove curse
 n - a scroll of amnesia
Potions
 c - 3 potions of might
 d - 2 potions of cancellation
 e - a potion of magic
 k - a potion of mutation
 l - a potion of brilliance


   Skills:
 * Level 4.7 Fighting
 + Level 4.3 Maces & Flails
 + Level 4.0 Dodging
 + Level 4.0 Shields


You had 5 spell levels left.
You didn't know any spells.
Your spell library was empty.

Dungeon Overview and Level Annotations

Branches:
Dungeon (4/15)
 Temple: D:4-7

Altars:
Elyvilon
Kikubaaqudgha
Qazlal
Sif Muna

Annotations:
D:3 1 runed translucent door, Arum's ghost, amateur MiGl


Innate Abilities, Weirdness & Mutations

You cannot wear most types of armour.
You are very stealthy in the water. (Stealth+)
You are amphibious.
You can wear up to eight rings at the same time.
You can use your tentacles to constrict eight enemies at once.
Your skin changes colour to match your surroundings (Stealth+).
Your rubbery body absorbs attacks. (AC +1, EV +1)


Message History

* * * LOW HITPOINT WARNING * * *
You block the gnoll's attack. The bullfrog misses you.
You hit the bullfrog.
You squeeze the bullfrog, but do no damage.
The bullfrog is severely wounded.
You constrict the bullfrog. You block the bullfrog's attack.
The gnoll closely misses you.
The bullfrog hits you but does no damage.
You sock the bullfrog!
You kill the bullfrog!
You block the gnoll's attack.
Your Dodging skill increases to level 4!
Your Shields skill increases to level 4!
Unknown command.
You block the gnoll's attack. x2
You see here a bullfrog corpse.
You hit the gnoll but do no damage. You grab the gnoll.
Your squeeze misses the gnoll. You constrict the gnoll.
The gnoll hits you with a +0 spear!
You die...

#.# #.g# .#
#.###.## ##
#.#....#
###......#
###....###[..#
#....g## ...#
#...###g# #..#
.. ...### #g#
..# ...
.###..##@##
#.. ..[.
#.......# ...
#....
##.......##
...#
#.........#..
.#
#.........#..#
#
##...........#
#####
#...........##
....#
##.........##
....##
#.........#


You could see 3 gnolls.

Vanquished Creatures
  A bullfrog (D:4)
  2 orc wizards (D:3)
  An orc priest (D:3)
  Jessica (D:2)
  5 gnolls
  2 adders (D:2)
  3 oozes
  2 worms
  2 leopard geckos
  8 orcs (D:3)
  A ball python (D:2)
  8 giant cockroaches
  8 goblins
  8 hobgoblins
  6 jackals (D:1)
  A quokka (D:3)
  5 bats
  6 frilled lizards
  A jackal skeleton (D:4)
  10 kobolds
  8 rats
89 creatures vanquished.

Notes
Turn   | Place    | Note
-------+----------+-------------------------------------------
     0 | D:1      | Frank the Octopode Fighter began the quest for the Orb.
     0 | D:1      | Reached XP level 1. HP: 16/16 MP: 1/1
    54 | D:1      | Reached XP level 2. HP: 2/21 MP: 2/2
   467 | D:1      | Reached XP level 3. HP: 26/26 MP: 3/3
  1321 | D:2      | Noticed Jessica
  1324 | D:2      | Reached XP level 4. HP: 33/33 MP: 4/4
  1328 | D:2      | Killed Jessica
  1739 | D:2      | Found an ancient bone altar of Kikubaaqudgha.
  1739 | D:2      | Found a faded altar of an unknown god.
  1747 | D:2      | Reached XP level 5. HP: 36/37 MP: 5/5
  1750 | D:2      | Found a white marble altar of Elyvilon.
  1752 | D:2      | Found a shimmering blue altar of Sif Muna.
  1753 | D:2      | Found a stormy altar of Qazlal.
  2537 | D:3      | Found a runed translucent door.
  2537 | D:3      | Noticed Arum's ghost (amateur MiGl)
  2698 | D:3      | Reached XP level 6. HP: 35/44 MP: 6/6
  3218 | D:4      | Slain by a gnoll

Illustrated notes

Levels and vault maps discovered:
D:1:      kennysheep_arrival_seaside, layout_basic
D:2:      layout_basic, chequers_temple_overflow_minitemple, uniq_jessica
D:3:      layout_rooms, gammafunk_ghost_grave
D:4:      layout_cave_pods, nicolae_alphabet_shops

Skill      XL: |  1  2  3  4  5  6 |
---------------+-------------------+-----
Fighting       | 4 |  4.7
Maces & Flails | 3 4 |  4.3
Dodging        | 4 |  4.0
Shields        | 4 |  4.0

Action                   |  1- 3 |  4- 6 || total
-------------------------+-------+-------++-------
Melee: Flail             |    61 |   106 ||   167
       Tentacles         |    13 |    17 ||    30
       Constrict         |    13 |    32 ||    45
  Use: Scroll            |     3 |     9 ||    12
       Potion            |     2 |     2 ||     4
 Stab: Sleeping          |     7 |     7 ||    14
Armor: Skin              |     4 |     7 ||    11
Dodge: Dodged            |    41 |    54 ||    95
Block: Kite shield       |    24 |    42 ||    66
       Tower shield      |       |    14 ||    14
